 Dungeon Crawl Stone Soup version 0.19-a0-1899-g2d93087 (webtiles) character file.

42 dobroeutro the Bolt Thrower (level 3, -2/29 HPs)
             Began as a Formicid Hunter on Oct 19, 2016.
             Slain by a worm (11 damage)
             ... on level 2 of the Dungeon.
             The game lasted 00:00:57 (940 turns).

dobroeutro the Bolt Thrower (Formicid Hunter)        Turns: 940, Time: 00:00:58

Health: -2/29      AC:  3    Str: 17    XL:     3   Next: 80%
Magic:  3/3        EV: 12    Int: 10    God:
Gold:   73         SH:  0    Dex: 11    Spells: 0 memorised, 2 levels left

rFire  . . .     SeeInvis +     b - +0 short sword
rCold  . . .     Gourm    .     c - +0 leather armour
rNeg   . . .     Faith    .     (no shield)
rPois  .         Spirit   .     (helmet unavailable)
rElec  .         Reflect  .     (no cloak)
rCorr  .         Harm     .     (no gloves)
MR     .....                    (no boots)
Stlth  +.........               (no amulet)
                                (no ring)
                                (no ring)

@: no status effects
A: permanent stasis, dig shafts and tunnels, four strong arms, antennae 3
a: Dig, Shaft Self


You were on level 2 of the Dungeon.
You were not hungry.

You visited 1 branch of the dungeon, and saw 2 of its levels.

You collected 73 gold pieces.

Inventory:

Hand Weapons
 a - a +1 hand crossbow
 b - a +0 short sword (weapon)
Missiles
 d - 19 bolts
Armour
 c - a +0 leather armour (worn)
Scrolls
 e - a scroll of fog {unknown}
 g - a scroll of magic mapping {unknown}
 h - a scroll of teleportation {unknown}
 i - a scroll of amnesia {unknown}
 k - a scroll of immolation {unknown}
 m - a scroll of remove curse {unknown}
Potions
 j - a potion of resistance {unknown}
Comestibles
 f - a bread ration
 l - a beef jerky


   Skills:
 + Level 3.5 Fighting
 + Level 4.4 Crossbows
 - Level 1.7 Dodging
 - Level 1.2 Stealth


You had 2 spell levels left.
You didn't know any spells.

Dungeon Overview and Level Annotations

Branches:
Dungeon (2/15)

Altars:
Nemelex Xobeh
Sif Muna
Uskayaw
Xom


Innate Abilities, Weirdness & Mutations

You are under a permanent stasis effect.
You can dig through walls and to a lower floor.
Your four strong arms can wield two-handed weapons with a shield.
You have a pair of large antennae on your head. (SInv)


Message History

You kill the dart slug!
The worm bites you!
Found 8 gold pieces.
You hit the worm.
The worm is lightly wounded.
You hit the worm.
The worm is moderately wounded.
The worm barely misses you.
You hit the worm.
The worm is moderately wounded.
The worm closely misses you.
You puncture the worm!
The worm is severely wounded.
You hit the worm.
The worm is severely wounded.
The worm bites you!
You hit the worm but do no damage.
The worm is severely wounded.
The worm bites you!
You die...

## .#
##########.#
...........##
............#
$.....w.†$..###
##@..[...##
#...####...
#...#(.#...
##._.#(.#...
#....#..#...
#....####...
#...........
##..........
##.........


You could see a worm and 2 dancing weapons.

Vanquished Creatures
  A gnoll (D:1)
  A dart slug (D:2)
  2 leopard geckos (D:1)
  A ball python (D:1)
  6 bats
  3 giant cockroaches (D:1)
  3 goblins (D:1)
  3 hobgoblins
  A quokka (D:2)
  A frilled lizard (D:1)
  2 kobolds (D:2)
  2 rats (D:1)
26 creatures vanquished.

Notes
Turn   | Place    | Note
-------+----------+-------------------------------------------
     0 | D:1      | dobroeutro the Formicid Hunter began the quest for the Orb.
     0 | D:1      | Reached XP level 1. HP: 16/16 MP: 1/1
    25 | D:1      | Reached XP level 2. HP: 9/23 MP: 2/2
   639 | D:1      | Reached XP level 3. HP: 17/29 MP: 3/3
   681 | D:1      | Found a shimmering altar of Xom.
   683 | D:1      | Found a deep blue altar of Sif Muna.
   683 | D:1      | Found a blossoming altar of Fedhas.
   685 | D:1      | Found a sacrificial altar of Ru.
   685 | D:1      | Found a shadowy altar of Dithmenos.
   685 | D:1      | Found a shimmering altar of Xom.
   876 | D:2      | Found a sparkling altar of Nemelex Xobeh.
   901 | D:2      | Noticed a hand axe
   901 | D:2      | Found a hide-covered altar of Uskayaw.
   901 | D:2      | Noticed a dagger
   940 | D:2      | Slain by a worm

Vault maps used:
D:1:      erik_arrival_triangle_small, doesnt_xom_only_xom
D:2:      lemuel_doored_altar, tso_oasis_becter, dancing_weapons_uskayaw,
          nemelex_altar_shiori, uniq_jessica

Skill      XL: |  1  2 |
---------------+-------+-----
Fighting       | 3 |  3.5
Crossbows      | |  4.4
Dodging        | |  1.7
Stealth        | |  1.2

Action                   || total
-------------------------++-------
Melee: Short sword       ||    92
 Fire: Hand crossbow     ||     2
 Stab: Sleeping          ||     1
Armor: Leather armour    ||    33
Dodge: Dodged            ||    73
